 Dungeon Crawl Stone Soup version coffee-0.2.0 (webtiles) character file.

Game seed: 14352496568960481985, levelgen mode: deterministic

1189 Dorkslayer the Slasher (level 8, 0/60 HPs)
             Began as a Human Fighter on Sept 23, 2020.
             Was a Follower of the Shining One.
             Slain by an ogre
             ... wielding a +0 giant spiked club
              (22 damage)
             ... on level 5 of the Dungeon.
             The game lasted 00:15:46 (4183 turns).

Dorkslayer the Slasher (Human Fighter)              Turns: 4183, Time: 00:15:46

Health: 0/60       AC: 12    Str: 17    XL:     8   Next: 71%
Magic:  10/10      EV:  8    Int:  9    God:    the Shining One [*.....]
Gold:   239        SH:  0    Dex: 14    Spells: 7/7 levels left

rFire    + + .     SeeInvis .   a - +0 long sword
rCold    + + .     Gourm    .   c - +0 kite shield
rNeg     + . .     Faith    .   q - +0 chain mail
rPois    +         Spirit   .   (no helmet)
rElec    +         Reflect  .   l - scarf {rC+ rF+}
rCorr    +         Harm     .   r - +0 pair of gloves (curse)
MR       .....                  s - +0 pair of boots
Stlth    ..........             (no amulet)
HPRegen  0.20/turn              d - ring of poison resistance
MPRegen  0.12/turn              n - ring of positive energy

@: confused, resistant, glowing
A: no striking features
a: Renounce Religion


You were on level 5 of the Dungeon.
You worshipped the Shining One.
The Shining One was aware of your devotion.
You were not hungry.

You visited 2 branches of the dungeon, and saw 6 of its levels.

You collected 239 gold pieces.

Inventory:

Hand Weapons
 a - a +0 long sword (weapon)
Missiles
 o - 6 javelins (quivered)
Armour
 c - a +0 kite shield (worn)
 l - a scarf of resistance (worn)
 q - a +0 chain mail (worn)
 r - a cursed +0 pair of gloves (worn)
 s - a +0 pair of boots (worn)
Jewellery
 d - a ring of poison resistance (left hand)
 n - a ring of positive energy (right hand)
Wands
 i - a wand of polymorph (9)
Scrolls
 e - 9 scrolls of teleportation
 m - a scroll of enchant armour
 p - a scroll of silence
Potions
 g - 3 potions of brilliance
 j - 2 potions of flight
 k - a potion of heal wounds
Comestibles
 f - 10 rations
 h - 13 chunks of flesh


   Skills:
 + Level 4.2(6.1) Fighting
 + Level 5.6 Long Blades
 * Level 2.2 Throwing
 + Level 4.5(6.3) Armour
 + Level 1.4(5.2) Dodging
 + Level 4.7(6.4) Shields
 * Level 2.8(3.8) Invocations
 * Level 3.4(3.9) Evocations


You had 7 spell levels left.
You didn't know any spells.
Your spell library contained the following spells:

 Spells                   Type           Power        Failure   Level  Hunger
 Magic Dart               Conj           #...         100%        1    #......
 Blink                    Tloc           N/A          100%        2    ##.....
 Call Imp                 Summ           #.......     100%        2    ##.....
 Slow                     Hex            #.......     100%        2    ##.....
 Conjure Flame            Conj/Fire      #.......     100%        3    ###....
 Mephitic Cloud           Conj/Pois/Air  #.......     100%        3    ###....


Dungeon Overview and Level Annotations

Branches:
Dungeon (5/10)             Temple (1/1) D:2

Altars:
Cheibriados
Dithmenos
Fedhas
Hepliaklqana
Kikubaaqudgha
Okawaru
Ru
Sif Muna
Vehumet
Xom
Yredelemnul
Zin
The Shining One

Annotations:
D:5 Sigmund


Message History

You are confused.
The jelly quivers.
An iguana comes into view.
You bump into the rock wall.
The ogre closely misses you.
You bump into the rock wall.
The ogre hits you with a +0 giant spiked club!!
Sigmund closely misses you.
Your shield and chain mail prevent you from hitting the ogre.
The ogre barely misses you.
You feel less confused. Sigmund gestures at you while chanting.
You are confused.
The jelly closely misses you.
You feel protected. Sigmund hits you but does no damage.
The jelly hits you but does no damage.
You bump into the rock wall.
The ogre hits you with a +0 giant spiked club!
The jelly hits you but does no damage. Sigmund hits you but does no damage.
The ogre hits you with a +0 giant spiked club!!
You die...

...... ....#
#.#.### #.....
....### ..l..
#J@# #..# #.
#O@# ###< #..#
#...#########..#
#.............#
#............##
####..########
#..# #..#
#######..#


You could see Sigmund, an ogre, an iguana and a jelly.

Vanquished Creatures
  An ice beast (D:5)
  2 phantoms (D:4)
  A bullfrog (D:5)
  A vampire bat (D:4)
  A bullfrog zombie (D:5)
  A hound (D:5)
  4 orc priests
  A bullfrog skeleton (D:5)
  An iguana (D:5)
  Natasha (thrice) (D:2)
  6 orc wizards
  5 worker ants
  2 hound skeletons (D:4)
  7 adders
  3 oozes
  3 dart slugs
  3 leopard geckos
  16 orcs
  A ball python (D:2)
  14 bats
  2 giant cockroaches
  11 goblins
  10 hobgoblins
  2 quokkas
  A frilled lizard (D:1)
  14 kobolds
  12 rats
128 creatures vanquished.

Vanquished Creatures (others)
  An orc wizard (D:2)
1 creature vanquished.

Grand Total: 129 creatures vanquished

Notes
Turn   | Place    | Note
-------+----------+-------------------------------------------
     0 | D:1      | Dorkslayer the Human Fighter began the quest for the Orb.
     0 | D:1      | Reached XP level 1. HP: 18/18 MP: 1/1
   418 | D:1      | Reached XP level 2. HP: 24/24 MP: 2/2
   500 | D:1      | Reached XP level 3. HP: 26/29 MP: 3/3
  1020 | D:2      | Reached XP level 4. HP: 29/35 MP: 4/4
  1065 | D:2      | Noticed Natasha
  1075 | D:2      | Killed Natasha
  1078 | D:2      | Reached skill level 1 in Evocations
  1181 | D:2      | Found a staircase to the Ecumenical Temple.
  1190 | Temple   | Entered the Ecumenical Temple
  1268 | Temple   | Became a worshipper of the Shining One
  1373 | D:2      | Reached XP level 5. HP: 41/41 MP: 5/5
  1436 | D:2      | Noticed Natasha
  1442 | D:2      | Killed Natasha
  1442 | D:2      | Reached skill level 3 in Long Blades
  1490 | D:2      | Reached XP level 6. HP: 13/47 MP: 7/7
  1920 | D:2      | Noticed Natasha
  1928 | D:2      | Killed Natasha
  2898 | D:4      | Noticed a phantom
  2935 | D:4      | Killed a phantom
  2935 | D:4      | Reached skill level 4 in Long Blades
  2935 | D:4      | Reached skill level 1 in Dodging
  2935 | D:4      | Reached XP level 7. HP: 45/53 MP: 8/8
  2971 | D:4      | Identified the +7 long sword of the World {vamp, rElec rF++
                  | MR+ Dex-4}
  3055 | D:4      | Found an iron altar of Okawaru.
  3121 | D:4      | Reached skill level 1 in Invocations
  3350 | D:4      | Reached * piety under the Shining One
  3390 | D:4      | Reached skill level 5 in Long Blades
  3390 | D:4      | Reached skill level 1 in Throwing
  3390 | D:4      | Reached XP level 8. HP: 22/60 MP: 10/10
  3778 | D:5      | Entered Level 5 of the Dungeon
  4064 | D:5      | Found a glowing silver altar of Zin.
  4174 | D:5      | Noticed Sigmund
  4183 | D:5      | Slain by an ogre

Levels and vault maps discovered:
D:1:      heliophobic_arrival_henge, layout_basic
D:2:      layout_basic, minmay_temple_entry_glassed_door, uniq_natasha
D:3:      layout_loops_corners
D:4:      layout_loops_ring, kennysheep_mini, first_ration, roderic_batcave
D:5:      layout_loops_ring, chequers_temple_overflow_minitemple, tgw_trog,
          basic_altar, uniq_sigmund
Temple:   regret_index_temple_sphere_string

Skill      XL: |  1  2  3  4  5  6  7  8 |
---------------+-------------------------+-----
Evocations     | 1 2 3 |  3.4
Long Blades    | 3 4 5 |  5.6
Shields        | 4 |  4.7
Armour         | 4 |  4.5
Dodging        | 1 |  1.4
Invocations    | 1 2 |  2.8
Throwing       | 1 2 |  2.2
Fighting       | 4 |  4.2

Action                   |  1- 3 |  4- 6 |  7- 9 || total
-------------------------+-------+-------+-------++-------
Melee: Long sword        |    94 |   184 |   194 ||   472
Throw: Javelin           |       |       |     7 ||     7
  Use: Potion            |     1 |     1 |     1 ||     3
 Stab: Sleeping          |     1 |       |       ||     1
  Eat: Chunk             |     1 |     3 |     4 ||     8
       Ration            |       |     1 |       ||     1
Armor: Scale mail        |    31 |    67 |    42 ||   140
       Chain mail        |       |       |    46 ||    46
Dodge: Dodged            |    33 |    75 |    76 ||   184
Block: Kite shield       |    40 |    82 |    93 ||   215
       Rpst.: Long sword |    12 |    29 |    26 ||    67
